 Dungeon Crawl Stone Soup version 0.17-a0-1046-ga09e34d (webtiles) character file.

170 Woebin the Grave Robber (level 5, 0/32 HPs)
             Began as a Halfling Necromancer on May 15, 2015.
             Killed by divine providence
             ... invoked by an orc priest
              (14 damage)
             ... on level 4 of the Dungeon.
             The game lasted 00:24:00 (3926 turns).

Woebin the Grave Robber (Halfling Necromancer)      Turns: 3926, Time: 00:24:00

Health: 0/32       AC:  3    Str:  9      XL:     5   Next: 80%
Magic:  2/8        EV: 15    Int: 14      God:
Gold:   122        SH:  0    Dex: 13 (15) Spells: 3 memorised, 3 levels left

rFire  . . .     SeeInvis .     a - +0 rapier
rCold  . . .     Clarity  .     d - +0 robe
rNeg   . . .     SustAb   .     (shield restricted)
rPois  .         Gourm    .     (no helmet)
rElec  .         Spirit   .     (no cloak)
rCorr  .         Warding  .     n - +0 pair of gloves
rMut   .         Stasis   .     (no boots)
MR     .....                    (no amulet)
Stlth  ++++......               (no ring)
                                h - ring of stealth

@: flying, not resistant to hostile enchantments, stealthy
A: mutation resistance 1
a: no special abilities


You were on level 4 of the Dungeon.
You were not hungry.

You visited 1 branch of the dungeon, and saw 4 of its levels.

You collected 122 gold pieces.

Inventory:

Hand weapons
 a - a +0 rapier (weapon)
 b - a +0 hunting sling
 w - a +1 spear
 y - a +0 dagger
Missiles
 f - 51 stones (quivered)
Armour
 d - a +0 robe (worn)
 i - a +0 shield
 k - a pearl dragon hide
 n - a +0 pair of gloves (worn)
 q - a +0 chain mail
Jewellery
 h - a ring of stealth (left hand)
Magical devices
 o - a wand of magic darts (24)
 r - a wand of slowing (19)
 t - a wand of confusion (13)
Scrolls
 e - a scroll of magic mapping
 j - a scroll of enchant weapon
 p - 3 scrolls of identify
 x - a scroll of remove curse
Books
 m - a book of Necromancy

   Spells                             Type                      Level
   a - Pain                           Necromancy                   1
   b - Animate Skeleton               Necromancy                   1
   c - Vampiric Draining              Necromancy                   3
   d - Regeneration                   Charms/Necromancy            3
   e - Animate Dead                   Necromancy                   4
   f - Control Undead                 Necromancy                   4
Comestibles
 c - 4 bread rations
 z - 9 fruits


   Skills:
 + Level 0.8 Fighting
 + Level 0.8 Polearms
 + Level 0.4 Slings
 + Level 3.4 Dodging
 + Level 3.6 Stealth
 + Level 2.0 Spellcasting
 + Level 4.0 Necromancy


You had 3 spell levels left.
You knew the following spells:

 Your Spells              Type           Power        Failure   Level  Hunger
a - Pain                  Necr           ##..         4%          1    ##.....
b - Animate Skeleton      Necr           N/A          4%          1    ##.....
c - Vampiric Draining     Necr           ##........   14%         3    ####...


Dungeon Overview and Level Annotations

Branches:
Dungeon (4/15)
 Temple: D:4-7

Altars:
Sif Muna

Annotations:
D:3 Grinder


Innate Abilities, Weirdness & Mutations

You are small and have problems with some larger weapons.
You are somewhat resistant to further mutation.


Message History

Confirm with . or Enter, or press ? or * to list all spells.
Aiming: Vampiric Draining
Press: ? - help, Shift-Dir - straight line, f - jackal, p - jackal
Aim: a jackal You kill the jackal!
You feel life coursing into your body.
Your magical contamination has completely faded away.
Casting: Vampiric Draining
Confirm with . or Enter, or press ? or * to list all spells.
Aiming: Vampiric Draining
Press: ? - help, Shift-Dir - straight line, f - jackal
Aim: a jackal (severely wounded)
You kill the jackal!
You feel life coursing into your body.
The orc priest glows brightly for a moment.
You see here a jackal corpse.
You closely miss the orc. The orc hits you.
The orc priest invokes the aid of Beogh against you.
Something smites you!
You die...

.# .# .# . # # ##
####
o######..##########
.o...........o.o@.#
..####..o##########
.#########
.###...## ........#
..####..## ..#
##..# .## #>.# .#
#(.# .#


You could see an orc priest and an orc.

Vanquished Creatures
  An orc priest (D:3)
  Jessica (D:3)
  An adder (D:2)
  An ooze (D:1)
  3 worms (D:3)
  4 giant geckos
  5 orcs (D:3)
  2 ball pythons
  7 giant cockroaches
  5 goblins
  8 hobgoblins
  4 jackals (D:4)
  8 kobolds
  4 quokkas
  4 bats
  A giant gecko skeleton (D:3)
  7 giant newts
  7 rats
73 creatures vanquished.

Vanquished Creatures (collateral kills)
  4 orcs (D:3)
  A kobold (D:2)
  A ball python (D:2)
  A rat (D:2)
7 creatures vanquished.

Grand Total: 80 creatures vanquished

Notes
Turn   | Place    | Note
--------------------------------------------------------------
     0 | D:1      | Woebin the Halfling Necromancer began the quest for the Orb.
     0 | D:1      | Reached XP level 1. HP: 11/11 MP: 3/3
   379 | D:1      | Learned a level 1 spell: Animate Skeleton
   483 | D:1      | Reached XP level 2. HP: 12/17 MP: 0/4
   905 | D:1      | Reached XP level 3. HP: 21/21 MP: 3/5
   916 | D:1      | Learned a level 3 spell: Vampiric Draining
  1617 | D:2      | Reached XP level 4. HP: 15/27 MP: 6/6
  2255 | D:3      | Noticed Jessica
  2419 | D:3      | Killed Jessica
  2419 | D:3      | Reached XP level 5. HP: 18/32 MP: 7/7
  2635 | D:3      | Found a deep blue altar of Sif Muna.
  3377 | D:3      | Reached skill level 4 in Necromancy
  3389 | D:3      | Noticed Grinder
  3926 | D:4      | Killed from afar by an orc priest

Vault maps used:
D:1:      lightli_arrival_maybe_door_vault
D:3:      lemuel_coloured_pillars_altar, first_bread, uniq_jessica, uniq_grinder
D:4:      lightli_ossuary_entry_decrepit_ruins, serial_shops, shop

Action                   |  1- 3 |  4- 6 || total
-------------------------+-------+-------++-------
Melee: Unarmed           |     5 |       ||     5
       Spear             |    77 |    68 ||   145
       Rapier            |       |    59 ||    59
 Fire: Hunting sling     |       |   146 ||   146
Throw: Stone             |       |     1 ||     1
 Cast: Pain              |    20 |       ||    20
       Animate Skeleton  |     9 |    11 ||    20
       Vampiric Draining |       |     7 ||     7
  Use: Scroll            |     5 |     3 ||     8
       Potion            |       |     5 ||     5
 Stab: Sleeping          |     6 |     1 ||     7
       Distracted        |     1 |       ||     1
  Eat: Chunk             |     3 |     2 ||     5
       Meat ration       |       |     1 ||     1
       Bread ration      |       |     1 ||     1
